 Dungeon Crawl Stone Soup version 0.31.0-11-ge490571c62 (webtiles) character file.

Game seed: 12164528769499951994

88 Flugkiller the Insei (level 4, -2/34 HPs)
             Began as a Demigod Shapeshifter on Jan 30, 2024.
             Incinerated by a bombardier beetle (4 damage)
             ... with a burning spray
             ... on level 3 of the Dungeon.
             The game lasted 00:01:01 (1561 turns).

Flugkiller the Insei (Demigod Shapeshifter)         Turns: 1561, Time: 00:01:02

Health: -2/34      AC:  2    Str: 15    XL:     4   Next: 9%
Magic:  6/6        EV: 12    Int: 12    God:
Gold:   175        SH:  0    Dex: 17    Spells: 3/3 levels left

rFire   . .          .
                       - Unarmed
rCold   . . .        (no shield)
rNeg    . . .        a - +0 animal skin
rPois   .            (helmet currently unavailable)
rElec   .            (cloak currently unavailable)
rCorr   .            (gloves currently unavailable)
SInv    .            (boots currently unavailable)
Will    .....        (no amulet)
Stlth   +            (no ring)
HPRegen 0.25/turn    (no ring)
MPRegen 0.10/turn

%: no passive effects
@: on fire, beast-form, glowing
A: beast (slay +1), high MP 1, forlorn, divine attributes
a: Begin Untransformation


You were on level 3 of the Dungeon.
You were a hulking beast.
You visited 1 branch of the dungeon, and saw 3 of its levels.

You collected 175 gold pieces.

Inventory:

Armour
 a - a +0 animal skin (worn)
 h - a +0 pair of boots
   (You found it on level 1 of the Dungeon)
Jewellery
 p - a ring of protection from fire
   (You found it on level 3 of the Dungeon)
Talismans
 c - a beast talisman
 d - a flux talisman
Wands
 o - a wand of paralysis (13)
   (You found it on level 3 of the Dungeon)
Scrolls
 f - 2 scrolls of enchant weapon {unknown}
 g - 2 scrolls of teleportation {unknown}
 i - 2 scrolls of revelation {unknown}
 j - a scroll of fear {unknown}
 k - a scroll of butterflies {unknown}
 m - a scroll of noise {unknown}
 n - 3 scrolls of poison {unknown}
Potions
 b - a potion of lignification
 e - a potion of curing {unknown}
 l - a potion of enlightenment {unknown}


   Skills:
 - Level 0.8 Fighting
 - Level 1.7 Dodging
 + Level 4.7 Unarmed Combat
 - Level 2.6 Shapeshifting


You had 3 spell levels left.
You didn't know any spells.
Your spell library contained the following spells:

 Spells                   Type           Power      Damage    Failure   Level
 Apportation              Tloc           0%         N/A       32%         1
 Necrotise                Necr           0%         1d4       32%         1
 Sting                    Conj/Alch      0%         1d3       32%         1
 Summon Small Mammal      Summ           0%         N/A       32%         1
 Lesser Beckoning         Tloc           0%         N/A       45%         2
 Gell's Gravitas          Tloc           0%         N/A       69%         3
 Teleport Other           Tloc           0%         N/A       69%         3


Dungeon Overview and Level Annotations

Branches:
Dungeon (3/15) Zot: 16449

Annotations:
D:3 1 transporter, Raspi's ghost, weakling AtBr


Innate Abilities, Weirdness & Mutations

You are a hulking beast.
Your limbs bulge with bestial killing power. (Slay +1)
You have an increased reservoir of magic. (+10% MP)
You shall have no god before yourself.
Your divine heritage dramatically boosts your attributes as you level up.


Message History

You hit the jackal.
The jackal is severely wounded.
The jackal bites you.
You hit the jackal.
You kill the jackal!
No target in view!
No target in view!
No target in view!
No target in view!
No target in view!
No target in view!
No target in view!
Raspi's ghost turns its malevolent gaze towards you.
A jackal comes into view.
Found a transporter.
The quasit gives a chilling moan.
You hear a chilling moan.
A jackal is nearby!
A jackal is nearby!
A jackal comes into view.
The jackal bites you but does no damage.
You hit the jackal.
The jackal is almost dead.
The jackal barely misses you.
You punch the jackal!
You kill the jackal!
You barely miss the jackal. The jackal bites you.
You hit the jackal.
The jackal is heavily wounded.
The jackal barely misses you. x2
You hit the jackal.
You kill the jackal!
No target in view!
No target in view!
No target in view!
No target in view!
No target in view!
No target in view!
No target in view!
No target in view!
No target in view!
No target in view!
o - a wand of paralysis (13)
A rat comes into view.
Found a twisted granite ring.
You see here a smoky puce potion.
A rat is nearby!
The rat squeaks loudly.
You hear an angry hiss.
A dart slug comes into view.
A bombardier beetle comes into view.
Found a stone staircase leading down.
The bombardier beetle waves its antennae.
You punch the rat!
You kill the rat!
You hit the bombardier beetle.
The bombardier beetle is moderately wounded.
A ball python comes into view.
You barely miss the bombardier beetle.
The bombardier beetle is moderately wounded.
The bombardier beetle sprays incendiary fluid at you.
The burning spray hits you.
You are covered in liquid fire!
You barely miss the bombardier beetle.
The bombardier beetle is moderately wounded.
The liquid fire burns you! The ball python bites you.
The ball python closely misses you.
The bombardier beetle sprays incendiary fluid at you.
The burning spray hits you.
You are even more covered in liquid fire!
You barely miss the bombardier beetle.
The bombardier beetle is moderately wounded.
The liquid fire burns you! The ball python bites you.
The ball python grabs you. The ball python constricts you.
You hit the ball python.
You kill the ball python!
The liquid fire burns you! The bombardier beetle misses you.
You are too injured to fight recklessly!
You are too injured to fight recklessly!
You are too injured to fight recklessly!
You are too injured to fight recklessly!
You are too injured to fight recklessly!
You are too injured to fight recklessly!
You are on fire!
You are too injured to fight recklessly!
You shake off some of the fire as you move.
The liquid fire burns you!
You shake off some of the fire as you move.
The liquid fire burns you!
You shake off some of the fire as you move.
The liquid fire burns you!
* * * LOW HITPOINT WARNING * * *
You shake off some of the fire as you move.
The liquid fire burns you!
* * * LOW HITPOINT WARNING * * *
You see here a smoky puce potion.
Unknown command.
You shake off some of the fire as you move.
The liquid fire burns you!
You die...

>...... .....
#...# # #...# #
#.##B##.#
#...w...#
####.#### #######
#####.### #.....#
#..h!...# #.....#
#.###.#.#
#.....###.#.....#
#.....#.....###..#
#.......##### #.#
###.#..##..... ..#
##
#.....##....#..#
=# ...#
#.#.#.#5..# .#.# #
##...#.#.#.##..# .
#


There were no monsters in sight!

Vanquished Creatures
  4 adders
  2 dart slugs (D:1)
  A ribbon worm (D:2)
  2 orcs (D:3)
  4 ball pythons
  2 endoplasms
  A giant cockroach (D:2)
  2 goblins (D:1)
  4 hobgoblins
  6 jackals
  2 quokkas
  3 bats
  3 frilled lizards (D:1)
  5 kobolds
  5 rats
46 creatures vanquished.

Notes
Turn   | Place    | Note
-------+----------+-------------------------------------------
     0 | D:1      | Flugkiller the Demigod Shapeshifter began the quest for the
                  | Orb.
     0 | D:1      | Reached XP level 1. HP: 15/15 MP: 3/3
    53 | D:1      | Reached skill level 3 in Unarmed Combat
   148 | D:1      | Reached XP level 2. HP: 22/22 MP: 4/4
   632 | D:2      | Reached XP level 3. HP: 23/27 MP: 5/5
   646 | D:2      | Reached skill level 4 in Unarmed Combat
  1355 | D:3      | Reached XP level 4. HP: 32/34 MP: 6/6
  1510 | D:3      | Noticed Raspi's ghost (weakling AtBr)
  1518 | D:3      | Found a transporter.
  1561 | D:3      | Incinerated by a bombardier beetle

Illustrated notes

Levels and vault maps discovered:
D:1:      tarquinn_simple_flora_water_c, layout_rooms, minmay_gold_behind_fungi
D:2:      layout_rooms, nicolae_titane
D:3:      layout_loops_cross, minitemple, basic_ecumenical_altar,
          gammafunk_ghost_stat_death, uniq_sigmund

Skill      XL: |  1  2  3 |
---------------+----------+-----
Unarmed Combat | 3 4 |  4.7
Fighting       | |  0.8
Dodging        | |  1.7
Shapeshifting  | |  2.6

Action                     |  1- 3 |  4- 6 || total
---------------------------+-------+-------++-------
  Melee: Unarmed           |   130 |    22 ||   152
         Punch             |     2 |       ||     2
   Stab: Sleeping          |     4 |       ||     4
 Armour: Animal skin       |    58 |    13 ||    71
  Dodge: Dodged            |    66 |    19 ||    85
